 Dungeon Crawl Stone Soup version 0.29.1-15-g9cfb28693d (webtiles) character file.

Game seed: 1573389667895581236

9 Heoruswealwe the Shooter (level 1, -1/17 HPs)
             Began as a Demigod Hunter on Mar 5, 2023.
             Frozen to death by an endoplasm (3 damage)
             ... on level 1 of the Dungeon.
             The game lasted 00:01:52 (93 turns).

Heoruswealwe the Shooter (Demigod Hunter)             Turns: 93, Time: 00:01:56

Health: -1/17      AC:  3    Str: 12    XL:     1   Next: 93%
Magic:  3/3        EV: 12    Int: 11    God:
Gold:   15         SH:  0    Dex: 17    Spells: 0/0 levels left

rFire   . . .      SeeInvis .   a - +0 shortbow
rCold   . . .      Faith    .   (shield currently unavailable)
rNeg    . . .      Spirit   .   c - +0 leather armour
rPois   .          Reflect  .   (no helmet)
rElec   .          Harm     .   (no cloak)
rCorr   .          Rampage  .   (no gloves)
Will    .....                   (no boots)
Stlth   ++........              (no amulet)
HPRegen 0.05/turn               (no ring)
MPRegen 0.08/turn               (no ring)

@: no status effects
A: high MP 1, forlorn, divine attributes
a: no special abilities


You were on level 1 of the Dungeon.
You visited 1 branch of the dungeon, and saw 1 of its levels.

You collected 15 gold pieces.

Inventory:

Hand Weapons
 a - a +0 shortbow (weapon)
Armour
 c - a +0 leather armour (worn)
Scrolls
 f - a scroll of identify {unknown}
 g - a scroll of noise {unknown}
Potions
 d - a potion of flight {unknown}
 e - 2 potions of invisibility {unknown}


   Skills:
 + Level 2.0 Fighting
 + Level 3.7 Ranged Weapons
 + Level 2.0 Dodging
 + Level 1.2 Stealth


You couldn't memorise any spells.
You didn't know any spells.
Your spell library was empty.

Dungeon Overview and Level Annotations

Branches:
Dungeon (1/15)


Innate Abilities, Weirdness & Mutations

You have an increased reservoir of magic. (+10% MP)
You shall have no god before yourself.
Your divine heritage dramatically boosts your attributes as you level up.


Message History

You kill the frilled lizard!
The kobold closely misses you.
You shoot an arrow. The arrow closely misses the kobold.
The kobold hits you with a +0 short sword. x2
You shoot an arrow. The arrow hits the kobold.
The kobold is heavily wounded.
The goblin hits you with a +0 club. The kobold hits you but does no damage.
You shoot an arrow. The arrow closely misses the kobold.
The goblin hits you but does no damage.
The kobold hits you with a +0 short sword.
The goblin closely misses you.
You are too injured to fight recklessly!
You are too injured to fight recklessly!
Fire: a) +0 shortbow
Press: ? - help, Q - select action Shift-Dir - straight line, f/p - kobold
Aim: a kobold, wielding a +0 short sword and quivering stones (moderately wounded, 55% to hit)
You shoot an arrow. The arrow hits the kobold.
The kobold is heavily wounded.
The kobold misses you. The goblin barely misses you.
The kobold hits you with a +0 short sword.
* * * LOW HITPOINT WARNING * * *
The endoplasm closely misses you.
Fire: a) +0 shortbow
Press: ? - help, Q - select action Shift-Dir - straight line, f/p - kobold
Aim: a kobold, wielding a +0 short sword and quivering stones (heavily wounded, 55% to hit)
You shoot an arrow. The arrow closely misses the kobold.
The goblin hits you but does no damage. The endoplasm hits you.
* * * LOW HITPOINT WARNING * * *
The kobold barely misses you. The goblin attacks as you move away!
The goblin barely misses you.
The kobold throws a stone.
The stone hits you but does no damage.
The kobold throws a stone.
The stone barely misses you.
Really read the scroll of immolation?
As you read the scroll of immolation, it crumbles to dust.
The creatures around you are filled with an inner flame!
The goblin barely misses you.
The kobold throws a stone.
The stone hits you but does no damage. The endoplasm freezes you.
You are frozen.
You die...

..# #.##.# ###.###.##.# ...
..........# ......
#.........### ......
##)......... ......
##..........#
...)..###......####.#######
..?......J@................
..........g..~.....#..#####
####........≈~~.....#...###
......†K...~~~~~.....##...#
###.....!.~.....~.....###.#
#..).....~~≈...~~~.....##.#
..).....≈~≈~~.~~~~~.....#..
.......~...........~.......
......≈≈~....<...[~~~......


You could see an endoplasm (inner flame), a goblin (inner flame) and a kobold
(inner flame).

Vanquished Creatures
  A bat (D:1)
  A giant cockroach (D:1)
  A goblin (D:1)
  3 frilled lizards (D:1)
  3 kobolds (D:1)
  A rat (D:1)
10 creatures vanquished.

Notes
Turn   | Place    | Note
-------+----------+-------------------------------------------
     0 | D:1      | Heoruswealwe the Demigod Hunter began the quest for the
                  | Orb.
     0 | D:1      | Reached XP level 1. HP: 17/17 MP: 3/3
    28 | D:1      | Reached skill level 1 in Stealth
    93 | D:1      | Frozen to death by an endoplasm

Illustrated notes

Levels and vault maps discovered:
D:1:      onia_arrival_pyramid, layout_rooms, hellmonk_ecumenical_altar_run_dry

Skill      XL: |  1 |
---------------+----+-----
Stealth        | 1 |  1.2
Dodging        | 2 |  2.0
Fighting       | 2 |  2.0
Ranged Weapons | |  3.7

Action                   || total
-------------------------++-------
 Fire: Shortbow          ||    21
  Use: Scroll            ||     1
Armor: Leather armour    ||     6
Dodge: Dodged            ||    12
